AoeStats
← zamithdaniel

Oasis

507362965Analyzed
3v3 RM · 16d ago on Sep 17, 2026· 33m 34s· 6 players
Game mode
Random Map
Map size
Normal (6 player)
Population
200
Speed
Normal
Resources
Standard
Victory
Conquest
Starting age
Dark Age
Ending age
Imperial Age
RankedLock teamsTeams togetherTeam positionsShared explorationLock speedFull tech treeHidden civsTurbo modeCheats
Victory
Defeat
🇦🇷 Wei · Argentina
1060
+17
🇺🇸 Inca · United States
1018
+18
🇨🇴 Turks · Colombia
984
+20
🇬🇧 Persians · United Kingdom
1126
-21
🇩🇪 Vietnamese · Germany
1045
-17
🇫🇷 Celts · France
1031
-17
Alcaz
5:09 Loom
Marvin
12:30 Feudal Age
10:45 Loom
14:26 Double-Bit Axe
17:06 Wheelbarrow
19:39 Double-Bit Axe
24:52 Castle Age
25:10 Scale Barding Armor
26:28 Chain Barding Armor
27:31 Fortified Wall
27:27 Stone Mining
27:21 Horse Collar
32:23 Fletching
32:34 Padded Archer Armor
WWWW2015
5:37 Loom
17:22 Feudal Age
17:45 Double-Bit Axe
17:57 Horse Collar
28:35 Castle Age
32:23 Wheelbarrow
31:43 Gold Mining
32:40 Bow Saw
32:23 Town Watch
Johnley oner
0:38 Loom
13:29 Feudal Age
19:30 Feudal Age
20:46 Wheelbarrow
20:01 Double-Bit Axe
19:57 Horse Collar
35:08 Castle Age
33:37 Stone Mining
zamithdaniel
11:35 Feudal Age
17:02 Castle Age
18:21 Horse Collar
18:28 Double-Bit Axe
19:18 Heavy Plow
25:51 Stone Mining
26:04 Heavy Plow
25:57 Gold Mining
26:29 Bow Saw
31:41 Imperial Age
29:31 Town Watch
30:21 Wheelbarrow
29:32 Loom
30:03 Padded Archer Armor
30:14 Forging
30:13 Scale Barding Armor
31:40 Fortified Wall
T@n0 Loc0-!
10:31 Feudal Age
9:48 Loom
11:10 Double-Bit Axe
11:10 Horse Collar
12:43 Man-at-Arms
18:20 Castle Age
27:43 Fletching
32:00 Town Watch
Connection lost

Rejoining the realm…

Still unreachable

The connection could not be restored.

Session expired

The server has moved on; the page needs a fresh start.